 Dungeon Crawl Stone Soup version 0.28.0-43-g3370ac3207 (webtiles) character file.

Game seed: 10223593523878266878

493 issech the Cudgeller (level 6, 0/62 HPs)
             Began as a Troll Monk on Mar 24, 2022.
             Slain by a hornet zombie (7 damage)
             ... in an ossuary.
             The game lasted 00:11:41 (2771 turns).

issech the Cudgeller (Troll Monk)                   Turns: 2771, Time: 00:11:42

Health: 0/62       AC:  5    Str: 20    XL:     6   Next: 92%
Magic:  5/5        EV: 11    Int:  6    God:
Gold:   80         SH:  0    Dex: 20    Spells: 5/5 levels left

rFire   x . .      SeeInvis .   a - +0 mace
rCold   + . .      Faith    .   (no shield)
rNeg    . . .      Spirit   .   b - +0 robe
rPois   .          Reflect  .   (helmet restricted)
rElec   .          Harm     .   w - +0 cloak
rCorr   .          Rampage  .   (gloves unavailable)
Will    .....                   (boots unavailable)
Stlth   ++........              (no amulet)
HPRegen 1.00/turn               l - ring of ice
MPRegen 0.09/turn               p - +6 ring of dexterity

@: slowed, very slow
A: large, unfitting armour, claws 3, regeneration 1, shaggy fur 1, tough skin 1
a: no special abilities


You were in an ossuary.
You visited 1 branch of the dungeon, and saw 4 of its levels.
You also visited: Ossuary.

You collected 80 gold pieces.

Inventory:

Hand Weapons
 a - a +0 mace (weapon)
 e - a +2 dagger of holy wrath
 v - a +2 quarterstaff of chaos
Missiles
 d - 163 stones (quivered)
 g - 33 arrows
 k - 8 boomerangs
 q - 27 sling bullets
Armour
 b - a +0 robe (worn)
 w - a +0 cloak (worn)
Jewellery
 l - a ring of ice (left claw)
 p - a +6 ring of dexterity (right claw)
Scrolls
 c - 3 scrolls of enchant armour {unknown}
 h - a scroll of fear {unknown}
 i - a scroll of magic mapping {unknown}
 j - a scroll of immolation {unknown}
 o - a scroll of teleportation {unknown}
 r - 4 scrolls of amnesia {unknown}
 s - a scroll of enchant weapon {unknown}
 u - a scroll of silence {unknown}
Potions
 f - a potion of ambrosia {unknown}
 m - a potion of berserk rage {unknown}
 n - a potion of curing {unknown}
 t - a potion of magic {unknown}


   Skills:
 + Level 3.9 Fighting
 + Level 5.3 Maces & Flails
 + Level 3.4 Dodging
 + Level 1.4 Stealth


You had 5 spell levels left.
You didn't know any spells.
Your spell library contained the following spells:

 Spells                   Type           Power      Damage    Failure   Level
 Confusing Touch          Hex            0%         N/A       83%         3
 Yara's Violent Unravell  Hex/Tmut       0%         3d3       100%        5
 Enfeeble                 Hex            0%         N/A       100%        7


Dungeon Overview and Level Annotations

Branches:
Dungeon (4/15)            Ossuary (1/1)
 Temple: D:4-7

Altars:

Shops:
D:2 :   D:4 [

Annotations:
D:3 Edmund


Innate Abilities, Weirdness & Mutations

You are too large for most types of armour.
You have claws for hands.
Your natural rate of healing is unusually fast.
You are covered in fur. (AC +1)
You have tough skin. (AC +1)


Message History

The bullfrog zombie is moderately damaged.
The bullfrog zombie hits you.
* * * LOW HITPOINT WARNING * * *
The bullfrog zombie closely misses you.
You hit the bullfrog zombie.
The bullfrog zombie is heavily damaged.
The bullfrog zombie barely misses you. The bullfrog zombie hits you.
* * * LOW HITPOINT WARNING * * *
You hit the bullfrog zombie.
The bullfrog zombie is severely damaged.
The bullfrog zombie misses you.
The bullfrog zombie hits you but does no damage.
You thump the bullfrog zombie!
The bullfrog zombie is almost destroyed.
The bullfrog zombie closely misses you.
The bullfrog zombie barely misses you. x2
You hit the bullfrog zombie.
The bullfrog zombie is almost destroyed.
The bullfrog zombie hits you.
* * * LOW HITPOINT WARNING * * *
The bullfrog zombie barely misses you.
You sock the bullfrog zombie!
You destroy the bullfrog zombie!
The hornet zombie hits you. The hornet zombie hits you!
* * * LOW HITPOINT WARNING * * *
You barely miss the hornet zombie. The hornet zombie hits you!
* * * LOW HITPOINT WARNING * * *
The hornet zombie hits you but does no damage.
You closely miss the hornet zombie.
The hornet zombie completely misses you.
The hornet zombie hits you.
* * * LOW HITPOINT WARNING * * *
Okay, then.
Okay, then.
You thump the hornet zombie!
The hornet zombie is lightly damaged.
The hornet zombie barely misses you. The hornet zombie closely misses you.
You thump the hornet zombie!
The hornet zombie is moderately damaged.
The hornet zombie hits you!
You die...

# ##≈ #P#
#≈### ≈≈..#
≈#
#####≈≈≈#≈≈#
#..@#..Z≈≈#
#.∩.Z≈#
#∩..#≈+
#####≈# M≈+
#.# #.≈ +≈≈
#≈.


You could see a hornet zombie.

Vanquished Creatures
  2 ice beasts (D:3)
  3 bullfrog zombies (Ossuary)
  Crazy Yiuf (D:3)
  2 iguanas (D:3)
  3 mummies (Ossuary)
  2 adders (D:2)
  2 worms (D:3)
  2 dart slugs
  An orc (D:3)
  3 endoplasms
  A giant cockroach (D:2)
  6 goblins
  8 hobgoblins
  6 kobolds
  4 ball pythons
  7 bats
  2 frilled lizards
  4 rats
59 creatures vanquished.

Vanquished Creatures (others)
  6 withered plants (Ossuary)
6 creatures vanquished.

Grand Total: 65 creatures vanquished

Notes
Turn   | Place    | Note
-------+----------+-------------------------------------------
     0 | D:1      | issech the Troll Monk began the quest for the Orb.
     0 | D:1      | Reached XP level 1. HP: 22/22 MP: 0/0
   260 | D:1      | Reached XP level 2. HP: 28/29 MP: 1/1
   267 | D:1      | Reached skill level 3 in Maces & Flails
   299 | D:1      | Found a faded altar of an unknown god.
   533 | D:1      | You fall into a shaft and drop 1 floor!
   565 | D:2      | Identified the +1 leather armour of Bustrav {Will++ rCorr}
   584 | D:2      | Reached XP level 3. HP: 36/36 MP: 2/2
   753 | D:3      | Noticed an ice beast
   853 | D:2      | Found Astetz's Book Shop.
  1792 | D:2      | Reached XP level 4. HP: 44/44 MP: 3/3
  2131 | D:3      | Noticed an ice beast
  2160 | D:3      | Killed an ice beast
  2161 | D:3      | Reached skill level 4 in Maces & Flails
  2161 | D:3      | Reached XP level 5. HP: 41/53 MP: 4/4
  2267 | D:3      | Killed an ice beast
  2277 | D:3      | Reached XP level 6. HP: 29/61 MP: 5/5
  2430 | D:3      | Reached skill level 5 in Maces & Flails
  2488 | D:3      | Found a runed translucent door.
  2489 | D:3      | Noticed Crazy Yiuf
  2501 | D:3      | Killed Crazy Yiuf
  2608 | D:4      | Found Xafiut's Antique Armour Shoppe.
  2609 | D:4      | Noticed Edmund
  2611 | D:4      | Found a sand-covered staircase.
  2698 | Ossuary  | Entered an ossuary
  2768 | Ossuary  | HP: 3/62 [hornet zombie (10)]
  2771 | Ossuary  | Slain by a hornet zombie

Illustrated notes

Levels and vault maps discovered:
D:1:      dpeg_arrival_morbid_curiosity, layout_loops_ring,
          ebering_ecumenical_altar_rust
D:2:      layout_loops_cross, serial_shops, shop
D:3:      layout_loops_ring, grunt_decor_arrowhead, uniq_crazy_yiuf_cottage
D:4:      layout_gridville, minmay_temple_entry_overgrown, serial_shops, shop,
          nicolae_ossuary_entry_monument, nzn_random_ring, uniq_edmund,
          uniq_duvessa, uniq_natasha
Ossuary:  ossuary_zaba_flooded

Skill      XL: |  1  2  3  4  5  6 |
---------------+-------------------+-----
Maces & Flails | 3 4 5 |  5.3
Fighting       | 3 |  3.9
Dodging        | 3 |  3.4
Stealth        | |  1.4

Action                   |  1- 3 |  4- 6 || total
-------------------------+-------+-------++-------
Melee: Mace              |   115 |   133 ||   248
       Punch             |       |     2 ||     2
Throw: Stone             |       |     3 ||     3
 Stab: Sleeping          |     3 |     1 ||     4
       Distracted        |       |     1 ||     1
Armor: Robe              |    42 |    35 ||    77
Dodge: Dodged            |    78 |    68 ||   146
